 Dungeon Crawl Stone Soup version 0.18-a0-1160-geb89fc2 (webtiles) character file.

1120 4thArraOfDagon the Basher (level 8, -8/87 HPs)
             Began as an Ogre Berserker on Jan 24, 2016.
             Was a Priest of Trog.
             Mangled by an orc warrior
             ... wielding a +0 flail
              (13 damage)
             ... on level 8 of the Dungeon.
             The game lasted 00:08:24 (1529 turns).

4thArraOfDagon the Basher (Ogre Berserker)          Turns: 1529, Time: 00:08:24

Health: -8/87      AC:  4    Str: 21    XL:     8   Next: 34%
Magic:  8/8        EV: 11    Int:  8    God:    Trog [***...]
Gold:   261        SH:  3    Dex:  9    Spells: 0 memorised, 7 levels left

rFire  . . .     SeeInvis .     h - +0 giant spiked club
rCold  . . .     Gourm    .     b - +1 animal skin
rNeg   . . .     Faith    .     (shield currently unavailable)
rPois  .         Spirit   .     (helmet restricted)
rElec  .         Dismiss  .     (no cloak)
rCorr  .         Reflect  +     (gloves unavailable)
SustAt +         Harm     .     (boots unavailable)
MR     ++...                    g - +3 amulet of reflection
Stlth  +.........               k - -2 ring of strength (curse)
                                q - ring of sustain attributes

@: exhausted, regenerating, hasted and slowed, very resistant to hostile
enchantments, very unstealthy
A: unfitting armour, tough skin 1
a: Berserk, Trog's Hand, Burn Spellbooks, Renounce Religion


You were on level 8 of the Dungeon.
You worshipped Trog.
Trog was most pleased with you.
You were very hungry.

You visited 1 branch of the dungeon, and saw 9 of its levels.

You collected 261 gold pieces.

Inventory:

Hand Weapons
 d - a +0 giant club
 h - a +0 giant spiked club (weapon)
 l - a +0 flail
 n - a +1 flail of protection
Armour
 b - a +1 animal skin (worn)
Jewellery
 e - a +4 ring of intelligence
 g - a +3 amulet of reflection (around neck)
 k - a cursed -2 ring of strength (right hand)
 q - a ring of sustain attributes (left hand)
Potions
 j - 2 potions of flight
 m - a potion of magic
Comestibles
 a - a chunk of flesh
 c - 4 bread rations
 i - a beef jerky
 p - a royal jelly


   Skills:
 + Level 7.4 Fighting
 * Level 9.7 Maces & Flails
 + Level 5.1 Dodging


You had 7 spell levels left.
You didn't know any spells.

Dungeon Overview and Level Annotations

Branches:
Dungeon (9/15)
 Temple: D:4-7         Lair: D:8-11         Orc: D:9-12

Altars:
Elyvilon
Fedhas
Nemelex Xobeh
Qazlal
Vehumet

Shops:
D:8 [

Annotations:
D:3 4thArraOfDagon's ghost, weakling DrCK
D:4 George's ghost, novice MiFi


Innate Abilities, Weirdness & Mutations

You are too large for most types of armour.
You have tough skin (AC +1).


Message History

The orc warrior is moderately wounded.
The orc warrior closely misses you.
Unknown command.
Enter note: WTF Unknown command.
You sock the orc warrior!
The orc warrior is severely wounded.
You are no longer berserk.
You are exhausted.
You feel yourself slow down.
You are feeling very hungry.
You feel the effects of Trog's Hand fading.
Unknown command.
Enter note: cant kill anything Unknown command.
Drink which item? (? for menu, Esc to quit)
You feel yourself speed up. The orc warrior hits you with a flail!!
* * * LOW HITPOINT WARNING * * *
The orc warrior hits you with a flail!
You die...

..)PPP..# .# ### ##
#.###.#### # ###.. ..#
..#.# #.# #.#.# #.#
#.#.## ###.#
####.#..###...####
#......∩..........
#.##.#.##.......## .
#@##.#.[........##
....##o#....##.......##
#..ooo.#..###....####
#.o.##.#....# #..(.# #
##. ........# #.#.## #
# ###.###..)##.#.# #
#.# ..#..#.#.# # #..
.###...#.# ### .###.#


You could see an orc warrior, an orc priest and 2 orcs.

Vanquished Creatures
  Sigmund (D:3)
  A sky beast (D:7)
  An ice beast (D:8)
  An orc warrior (D:8)
  2 ogres (D:8)
  A crocodile (D:8)
  A giant frog (D:8)
  A crimson imp (D:6)
  A hound (D:5)
  A centaur zombie (D:8)
  A giant frog skeleton (D:8)
  An orc priest (D:6)
  A centaur skeleton (D:5)
  3 orc wizards
  A worker ant (D:7)
  A hound zombie (D:8)
  2 adders
  5 giant geckos
  10 orcs
  4 ball pythons
  4 giant cockroaches
  4 goblins (D:2)
  6 hobgoblins
  4 kobolds
  2 quokkas
  2 bats
  2 giant newts (D:1)
  6 rats
70 creatures vanquished.

Notes
Turn   | Place    | Note
--------------------------------------------------------------
     0 | D:1      | 4thArraOfDagon the Ogre Berserker began the quest for the Orb.
     0 | D:1      | Reached XP level 1. HP: 24/24 MP: 1/1
   235 | D:1      | Reached XP level 2. HP: 32/32 MP: 2/2
   323 | D:2      | Reached ** piety under Trog
   356 | D:3      | Noticed 4thArraOfDagon's ghost (weakling DrCK)
   380 | D:2      | Reached XP level 3. HP: 27/39 MP: 3/3
   417 | D:2      | Reached skill level 5 in Maces & Flails
   559 | D:2      | Found a sparkling altar of Nemelex Xobeh.
   559 | D:2      | Found a white marble altar of Elyvilon.
   588 | D:2      | Found a stormy altar of Qazlal.
   603 | D:2      | You fall through a shaft!
   786 | D:3      | Reached XP level 4. HP: 25/49 MP: 4/4
   910 | D:4      | Noticed George's ghost (novice MiFi)
   950 | D:3      | Noticed Sigmund
   957 | D:3      | Killed Sigmund
   957 | D:3      | Reached skill level 5 in Fighting
   957 | D:3      | Reached skill level 6 in Maces & Flails
   957 | D:3      | Reached XP level 5. HP: 44/57 MP: 5/5
   957 | D:3      | Reached XP level 6. HP: 51/66 MP: 6/6
   958 | D:3      | Found a radiant altar of Vehumet.
   991 | D:3      | You fall through a shaft for 2 floors!
   991 | D:5      | Entered Level 5 of the Dungeon
  1058 | D:5      | Reached skill level 7 in Maces & Flails
  1196 | D:8      | Reached XP level 7. HP: 75/75 MP: 7/7
  1204 | D:8      | Reached skill level 8 in Maces & Flails
  1243 | D:8      | Found a blossoming altar of Fedhas.
  1299 | D:9      | Noticed a gargoyle
  1314 | D:8      | Reached *** piety under Trog
  1367 | D:8      | Reached skill level 9 in Maces & Flails
  1382 | D:7      | Reached XP level 8. HP: 87/87 MP: 8/8
  1456 | D:8      | Found Eson's Armour Boutique.
  1475 | D:8      | Reached skill level 5 in Dodging
  1528 | D:8      | WTF
  1529 | D:8      | cant kill anything
  1529 | D:8      | Mangled by an orc warrior

Vault maps used:
D:1:      onia_arrival_larder, hangedman_decor_clover_reticule
D:2:      xom_redecorated, gammafunk_temple_overflow_elements,
          nicolae_qazlal_eye_of_the_storm, hex_medium, st_stairs_1,
          guppyfry_early_orc_mine
D:3:      minmay_goblin_kobold_castle, nicolae_overflow_hidden_temple,
          ecumenical_altar_1, uniq_sigmund, uniq_iyjb
D:4:      kennysheep_little_box, grunt_dithmenos_smoke, first_bread
D:5:      slow_altar_1, yredelemnul_forgotten_temple_becter
D:6:      lemuel_crystal_altar, minmay_temple_entry_fiery, serial_shops,
          nicolae_shop_scaring_up_business
D:7:      okawaru_altar_gauntlet_db, the_bakery, uniq_joseph
D:8:      zin_treasury, serial_shops, shop, minmay_statues_item, st_stairs_11,
          fedhas_altar_3, uniq_prince_ribbit1
D:9:      old_standard_altar, lair_0_dummy, orc_0_dummy

Action                   |  1- 3 |  4- 6 |  7- 9 || total
-------------------------+-------+-------+-------++-------
Melee: Mace              |    21 |       |       ||    21
       Whip              |    93 |       |       ||    93
       Flail             |     8 |    50 |     9 ||    67
       Giant spiked club |       |       |    54 ||    54
       Giant club        |       |       |     6 ||     6
Invok: Berserk           |     2 |     4 |     5 ||    11
       Trog's Hand       |       |     3 |     2 ||     5
  Use: Scroll            |     4 |     3 |       ||     7
       Potion            |       |     3 |     2 ||     5
 Stab: Sleeping          |     1 |       |       ||     1
  Eat: Chunk             |     2 |     4 |     6 ||    12
       Pizza             |       |     1 |       ||     1
